[Event "Titled Tuesday Blitz November 29 Late 2022"]
[White "Manelyuk, Daniil"]
[Black "Przybylski, Wojciech"]
[WhiteFideId "44173920"]
[BlackFideId "1117599"]
[WhiteElo "2209"]
[BlackElo "2221"]
[Result "0-1"]
[Round "09"]
[TimeControl "180+1"]
[Date "2022.11.30"]
[WhiteClock "0:00:13"]
[BlackClock "0:00:12"]

1. e4 e5 2. Nf3 Nc6 3. Bb5 Nf6 4. O-O Nxe4 5. d4 Nd6 6. dxe5 Nxb5 7. a4 Nbd4 8. Nxd4 d5 9. f4 Nxd4 10. Qxd4 c5 11. Qd3 c4 12. Qe2 Bf5 13. Be3 d4 14. Rd1 d3 15. cxd3 Bxd3 16. Qf3 Qc7 17. Nc3 Bc5 18. Nd5 Qc6 19. Bxc5 Qxc5+ 20. Kh1 Rd8 21. Ne3 O-O 22. Rac1 Rd4 23. Ng4 Rfd8 24. f5 Be4 25. Nf6+ gxf6 26. Qg4+ Kf8 27. Rxd4 Qxd4 28. exf6 Qxf6 29. Qxe4 Qg5 30. Re1 Kg7 31. Qe5+ Qf6 32. Qf4 Rc8 33. Qg4+ Kh8 34. h3 a6 35. Rd1 b5 36. axb5 axb5 37. Rd7 Rg8 38. Qh5 Qxb2 39. Qf3 Qf6 40. Rb7 c3 41. Rxb5 c2 42. Rc5 Qa1+ 43. Kh2 c1=Q 44. Rxc1 Qxc1 45. f6 Qg5 46. g3 Qg6 47. Qf4 h6 48. h4 Kh7 49. Kh3 Re8 50. g4 Rd8 51. g5 Qd3+ 52. Kg4 Rd4 53. h5 Rxf4+ 54. Kxf4 Qd4+ 55. Kf3 Qd3+ 56. Kf2 Qd2+ 57. Kf1 Qxg5 58. Kf2 Qxh5 59. Ke1 Qf5 60. Kd1 Qxf6 61. Kc1 Qf2 62. Kb1 Kg6 63. Ka1 Kf5 64. Kb1 Ke4 65. Kc1 Kd3 66. Kb1 Kc3 67. Ka1 Qb2# 0-1


[Site "https://www.chess.com"]

[Event "Titled Tuesday Blitz November 29 Late 2022"]
[White "Martinez Reyes, Pedro Ramon"]
[Black "Novikova, Galina"]
[WhiteFideId "3901807"]
[BlackFideId "4157095"]
[WhiteElo "2354"]
[BlackElo "1973"]
[Result "1-0"]
[Round "09"]
[TimeControl "180+1"]
[Date "2022.11.30"]
[WhiteClock "0:00:14"]
[BlackClock "0:00:01"]

1. f4 e6 2. Nf3 d5 3. e3 b6 4. b3 Bb7 5. Bb2 Nf6 6. Be2 Nbd7 7. O-O Be7 8. a4 c5 9. Qe1 Qc7 10. h3 Ne4 11. d3 Bf6 12. c3 Nd6 13. Nbd2 h6 14. Bd1 e5 15. d4 e4 16. Ne5 a6 17. Bg4 Bc8 18. c4 dxc4 19. Ndxc4 Nxc4 20. bxc4 O-O 21. Rc1 Re8 22. Kh1 Nf8 23. Bxc8 Raxc8 24. Ng4 Be7 25. d5 Nh7 26. Qg3 f6 27. Nxh6+ Kh8 28. Nf5 Bf8 29. Rcd1 Qd7 30. Qg4 Qxa4 31. d6 Rcd8 32. Ba1 Qd7 33. Qg6 b5 34. Rd5 Qe6 35. Ng3 bxc4 36. Rh5 Qg8 37. Nf5 Bxd6 38. g4 Bf8 39. g5 Rd7 40. Rg1 fxg5 41. Rgxg5 Rf7 42. Rg4 Rxf5 43. Qxf5 c3 44. Rgh4 c2 45. Rxh7+ Qxh7 46. Qxh7# 1-0


[Site "https://www.chess.com"]

[Event "Titled Tuesday Blitz November 29 Late 2022"]
[White "Mekhitarian, Krikor Sevag"]
[Black "Bok, Benjamin"]
[WhiteFideId "2107660"]
[BlackFideId "1017063"]
[WhiteElo "2604"]
[BlackElo "2658"]
[Result "0-1"]
[Round "09"]
[TimeControl "180+1"]
[Date "2022.11.30"]
[WhiteClock "0:00:01"]
[BlackClock "0:00:06"]

1. e4 c5 2. Nf3 d6 3. c3 Nf6 4. h3 Nc6 5. Bd3 d5 6. e5 Nd7 7. Bb5 Qb6 8. Ba4 c4 9. b3 Nc5 10. Bxc6+ bxc6 11. O-O Ba6 12. b4 Nd3 13. a4 e6 14. Na3 c5 15. Nc2 cxb4 16. cxb4 Nxb4 17. a5 Qc6 18. Nfd4 Qd7 19. Nxb4 Bxb4 20. Ba3 Bxa3 21. Rxa3 O-O 22. Rg3 Qc7 23. Qh5 g6 24. Re1 Rab8 25. Qg5 Rb2 26. h4 Qxa5 27. Rd1 Qd8 28. Qh6 Qc7 29. Re1 Qc5 30. Rg4 Rfb8 31. h5 Rb1 32. Rxb1 Rxb1+ 33. Kh2 Qf8 34. Qf4 Qe7 35. h6 Rb2 36. Rg3 Bc8 37. Nc6 Qf8 38. Qg5 Rb7 39. Rh3 Rc7 40. Nd4 a5 41. Qf6 a4 42. g4 a3 43. Rxa3 Qxh6+ 44. Rh3 Qf8 45. Nf3 h6 46. Qf4 c3 47. dxc3 Rxc3 48. Nd4 Rxh3+ 49. Kxh3 Qc5 50. Kg3 g5 51. Qe3 Kh7 52. Qf3 Kg8 53. Qe3 Ba6 54. Kh2 Qc4 55. Kg3 Qd3 56. Nf3 Qxe3 57. fxe3 Bd3 58. Nd4 Be4 59. Nb5 Kf8 60. Nd6 Bg6 61. Nb5 Ke7 62. Nd4 Kd7 63. Kf3 Kc7 64. Ke2 Kb6 65. Kd2 Be4 0-1


[Site "https://www.chess.com"]

[Event "Titled Tuesday Blitz November 29 Late 2022"]
[White "Mickiewicz, Piotr"]
[Black "Pace, Christopher"]
[WhiteFideId "1114891"]
[BlackFideId "2610167"]
[WhiteElo "2246"]
[BlackElo "2316"]
[Result "1-0"]
[Round "09"]
[TimeControl "180+1"]
[Date "2022.11.30"]
[WhiteClock "0:00:12"]
[BlackClock "0:00:03"]

1. Nf3 Nf6 2. g3 d5 3. Bg2 g6 4. O-O Bg7 5. c4 c6 6. d3 O-O 7. Nc3 Nbd7 8. cxd5 cxd5 9. Bf4 a6 10. Rc1 b5 11. Ne5 Nxe5 12. Bxe5 Bb7 13. d4 Rc8 14. Qb3 Ne4 15. Nxe4 dxe4 16. Bxg7 Kxg7 17. e3 Qd6 18. a4 Bd5 19. Qd1 Qb4 20. axb5 axb5 21. Qg4 Rxc1 22. Rxc1 Qxb2 23. Qd1 Rb8 24. h4 b4 25. Rc5 e6 26. h5 Qa3 27. Rc7 b3 28. h6+ Kg8 29. Qg4 b2 30. Qf4 b1=Q+ 31. Kh2 Qb6 32. Qxf7+ 1-0


[Site "https://www.chess.com"]

[Event "Titled Tuesday Blitz November 29 Late 2022"]
[White "Miller, Luke C"]
[Black "Suder, Jakub"]
[WhiteFideId "2096935"]
[BlackFideId "1195310"]
[WhiteElo "2432"]
[BlackElo "2243"]
[Result "1/2-1/2"]
[Round "09"]
[TimeControl "180+1"]
[Date "2022.11.30"]
[WhiteClock "0:00:05"]
[BlackClock "0:00:08"]

1. e4 c5 2. Nf3 e6 3. c3 Nf6 4. e5 Nd5 5. d4 cxd4 6. cxd4 d6 7. Bc4 Nb6 8. Bb5+ Bd7 9. Be2 Bc6 10. O-O N8d7 11. Bf4 Nd5 12. Bg3 dxe5 13. dxe5 Nc5 14. Nd4 Qb6 15. Nxc6 Qxc6 16. Na3 a6 17. Rc1 Qa4 18. Bf3 Qxd1 19. Rfxd1 Rd8 20. Bh4 Rd7 21. Bxd5 Rxd5 22. Rxd5 exd5 23. b4 Ne6 24. Rc8+ Kd7 25. Ra8 g5 26. Bg3 h5 27. h4 gxh4 28. Bxh4 Bg7 29. Rxh8 Bxh8 30. Bg3 Kc6 31. Kf1 h4 32. Bxh4 Bxe5 33. g3 d4 34. Ke2 Kd5 35. Kd3 Bg7 36. Nc4 b5 37. Nd2 f5 38. Be7 Nc7 39. Nb3 Ne6 40. f3 Be5 41. f4 Bg7 42. Bc5 Bf6 43. Bb6 Be7 44. a3 Bf6 45. Nc5 Ng7 46. Nxa6 Nh5 47. Nc7+ Kc6 48. Ba5 Nxg3 49. Ne6 Ne4 50. Nxd4+ Bxd4 51. Kxd4 Kd6 52. Bb6 Nd2 53. Bc5+ Ke6 54. Kc3 Ne4+ 55. Kd4 Ng3 56. a4 bxa4 57. b5 Ne2+ 58. Ke3 Nc3 59. b6 Kd7 60. Kd4 Nb5+ 61. Kc4 Nd6+ 62. Kd5 Nb7 63. Bd4 a3 64. Ke5 a2 65. Kxf5 Kc6 66. Kg6 Nc5 67. f5 Nb3 68. Bb2 Nc5 69. f6 Kxb6 70. f7 Nd7 71. Kf5 Kb5 72. Ke6 Nf8+ 73. Ke7 Ng6+ 74. Kf6 Nf8 75. Kg7 Nd7 76. f8=Q Nxf8 77. Kf7 Kc4 78. Kxf8 Kb3 79. Bg7 Kc2 80. Kf7 Kb1 81. Ke6 1/2-1/2


[Site "https://www.chess.com"]

[Event "Titled Tuesday Blitz November 29 Late 2022"]
[White "Mohammed, Zozek Salah Mohammed"]
[Black "Martinez Ramirez, Lennis"]
[WhiteFideId "4803361"]
[BlackFideId "3509079"]
[WhiteElo "2199"]
[BlackElo "2439"]
[Result "0-1"]
[Round "09"]
[TimeControl "180+1"]
[Date "2022.11.30"]
[WhiteClock "0:00:39"]
[BlackClock "0:01:27"]

1. d4 e6 2. Nf3 Nf6 3. c4 Bb4+ 4. Bd2 a5 5. g3 O-O 6. Bg2 d5 7. O-O dxc4 8. Bg5 b5 9. Ne5 Ra7 10. Nc3 Bxc3 11. bxc3 Bb7 12. a4 Bxg2 13. Kxg2 b4 14. Bxf6 gxf6 15. Ng4 b3 16. e4 c5 17. Qf3 Nd7 18. e5 fxe5 19. Nh6+ Kg7 20. Qe3 exd4 21. cxd4 Nf6 22. Qg5+ Kh8 23. Kg1 cxd4 24. Rfe1 b2 25. Rab1 c3 26. Qc5 Rb7 27. Red1 Rb4 28. Rd3 Nd5 29. Rxd4 c2 30. Qxc2 Rxd4 31. Qc5 Rb4 32. h4 Kg7 0-1


[Site "https://www.chess.com"]

[Event "Titled Tuesday Blitz November 29 Late 2022"]
[White "Nakamura, Hikaru"]
[Black "Jobava, Baadur"]
[WhiteFideId "2016192"]
[BlackFideId "13601520"]
[WhiteElo "2909"]
[BlackElo "2582"]
[Result "1-0"]
[Round "09"]
[TimeControl "180+1"]
[Date "2022.11.30"]
[WhiteClock "0:00:18"]
[BlackClock "0:00:03"]

1. e4 d6 2. d4 Nf6 3. Nc3 e5 4. Nf3 Nbd7 5. Bc4 Be7 6. O-O O-O 7. a4 a5 8. Qe2 c6 9. Rd1 Qc7 10. h3 h6 11. Be3 Re8 12. d5 Nf8 13. Qd2 Ng6 14. Bf1 Bd7 15. Ra3 Rec8 16. Rb3 Be8 17. Bb6 Qd7 18. Qe1 Bd8 19. Be3 Qe7 20. Nd2 cxd5 21. exd5 Rxc3 22. Rxc3 Nxd5 23. Ra3 Nxe3 24. Qxe3 d5 25. c3 Bc6 26. Bb5 Nf4 27. Nf3 Bc7 28. g3 Nxh3+ 29. Kg2 Ng5 30. Bxc6 bxc6 31. Nxg5 hxg5 32. Rb3 Bd6 33. c4 Bc5 34. Qe2 Qe6 35. cxd5 cxd5 36. Qh5 g6 37. Qxg5 Be7 38. Qd2 d4 39. Rb5 Kg7 40. Rh1 Qc6+ 41. f3 Bf6 42. Qh6+ Kg8 43. Rc1 Qe6 44. Qh3 Qe7 45. Rc8+ Rxc8 46. Qxc8+ Kh7 47. Rb8 e4 48. Qe8 exf3+ 49. Kxf3 Qd6 50. Qxf7+ Kh6 51. Qf8+ Qxf8 52. Rxf8 Kg5 53. Ra8 d3 54. Rxa5+ Kh6 55. Rd5 Bxb2 56. Rxd3 Be5 57. a5 1-0


[Site "https://www.chess.com"]

[Event "Titled Tuesday Blitz November 29 Late 2022"]
[White "Nasuta, Grzegorz"]
[Black "Rubio Tent, Francisco"]
[WhiteFideId "1141686"]
[BlackFideId "2238233"]
[WhiteElo "2440"]
[BlackElo "2211"]
[Result "1-0"]
[Round "09"]
[TimeControl "180+1"]
[Date "2022.11.30"]
[WhiteClock "0:00:06"]
[BlackClock "0:00:02"]

1. e4 c6 2. Nc3 d5 3. Nf3 Bg4 4. h3 Bxf3 5. Qxf3 e6 6. Be2 Nd7 7. O-O g6 8. d4 Bg7 9. Rd1 Ne7 10. Bf1 O-O 11. Ne2 dxe4 12. Qxe4 Nf6 13. Qf3 Qd5 14. Qa3 Nf5 15. c3 Rfd8 16. Nf4 Qd6 17. Nd3 Qxa3 18. bxa3 Nd5 19. Bd2 b5 20. Rab1 Nd6 21. a4 a6 22. Nc5 Nb6 23. Bg5 Rdc8 24. Bf4 Ndc4 25. Ne4 h6 26. Bxc4 Nxc4 27. Nd6 Nxd6 28. Bxd6 Bf8 29. Bxf8 Kxf8 30. Kf1 Ke7 31. Ke2 Rab8 32. Rb4 a5 33. Rb3 bxa4 34. Ra3 Rb2+ 35. Rd2 Rcb8 36. Rxa4 Rxd2+ 37. Kxd2 Rb5 38. c4 Rg5 39. g3 Rf5 40. Ke3 h5 41. g4 hxg4 42. hxg4 Rg5 43. f3 Kd7 44. c5 e5 45. Rxa5 exd4+ 46. Kxd4 Rd5+ 47. Ke4 Rd2 48. Ke5 Rf2 49. Ra7+ Ke8 50. f4 Rd2 51. Kf6 Rd4 52. Ra8+ Kd7 53. Ra7+ Ke8 54. Re7+ Kd8 55. Rxf7 Rxf4+ 56. Ke6 Rxg4 57. Kd6 Ke8 58. Rg7 Ra4 59. Kxc6 Rxa2 60. Kd6 Re2 61. c6 Rd2+ 62. Kc7 Rc2 63. Rxg6 Re2 64. Kb7 Rb2+ 65. Kc8 Rc2 66. c7 Ke7 67. Rg4 Ke6 68. Re4+ Kd5 69. Re1 Kc6 70. Re6+ Kd5 71. Rh6 Rc1 72. Kd7 1-0


[Site "https://www.chess.com"]

[Event "Titled Tuesday Blitz November 29 Late 2022"]
[White "Necromon"]
[Black "Qashashvili, Alexandre"]
[BlackFideId "13600842"]
[WhiteElo "2477"]
[BlackElo "2405"]
[Result "1-0"]
[Round "09"]
[TimeControl "180+1"]
[Date "2022.11.30"]
[WhiteClock "0:02:29"]
[BlackClock "0:00:22"]

1. Nf3 c6 2. g3 d5 3. Bg2 Nf6 4. O-O Bf5 5. d4 Qc8 6. c4 Bh3 7. cxd5 h5 8. Nc3 h4 9. e4 hxg3 10. fxg3 Bxg2 11. Kxg2 Qh3+ 12. Kg1 Ng4 13. Qe2 Nxh2 14. Qxh2 Qxh2+ 15. Nxh2 1-0


[Site "https://www.chess.com"]

[Event "Titled Tuesday Blitz November 29 Late 2022"]
[White "Nepo"]
[Black "Tan, Ralph"]
[BlackFideId "30966590"]
[WhiteElo "2218"]
[BlackElo "2059"]
[Result "1-0"]
[Round "09"]
[TimeControl "180+1"]
[Date "2022.11.30"]
[WhiteClock "0:00:59"]
[BlackClock "0:00:18"]

1. e4 e6 2. d4 d5 3. Nd2 Nf6 4. e5 Nfd7 5. c3 c5 6. f4 Nc6 7. Ndf3 Be7 8. g3 O-O 9. Kf2 f6 10. Kg2 fxe5 11. fxe5 Qb6 12. h4 cxd4 13. cxd4 Ndxe5 14. dxe5 Nxe5 15. Nxe5 Qf2+ 16. Kh3 Bd6 17. Ngf3 Bxe5 18. Nxe5 Qf5+ 19. Kh2 Qxe5 20. Bg2 Bd7 21. Re1 Qf5 22. Bf4 Rac8 23. Re2 Bb5 24. Re5 Qf7 25. Bh3 Rfe8 26. Rc1 Bc6 27. Qe2 Bd7 28. Re1 Rc6 29. Qg4 Rc2+ 30. R1e2 Rxe2+ 31. Rxe2 Qf6 32. Be5 Qf7 33. Qd4 h6 34. Rf2 Qg6 35. Bf1 Kh7 36. Bd3 1-0


[Site "https://www.chess.com"]

[Event "Titled Tuesday Blitz November 29 Late 2022"]
[White "O`Gorman, Tom"]
[Black "Putnam, Liam"]
[WhiteFideId "2508249"]
[BlackFideId "30938279"]
[WhiteElo "2271"]
[BlackElo "2082"]
[Result "1/2-1/2"]
[Round "09"]
[TimeControl "180+1"]
[Date "2022.11.30"]
[WhiteClock "0:00:52"]
[BlackClock "0:00:28"]

1. d4 Nf6 2. c4 g6 3. Nf3 Bg7 4. g3 O-O 5. Bg2 d5 6. O-O Nc6 7. cxd5 Nxd5 8. e4 Nb6 9. d5 Na5 10. Nc3 c6 11. Re1 Nac4 12. Qe2 Bg4 13. h3 Bxf3 14. Bxf3 Qc8 15. Bg2 Rd8 16. Bg5 Re8 17. Rac1 h6 18. Bf4 g5 19. Be3 Nxe3 20. Qxe3 Qd7 21. dxc6 bxc6 22. e5 Nc4 23. Qe2 Nxe5 24. Red1 Qf5 25. Ne4 Rad8 26. b3 Rd5 27. Nc5 Rxd1+ 28. Rxd1 e6 29. Nd7 Nxd7 30. Rxd7 a5 31. Bxc6 Qxh3 32. Qf3 Rf8 33. Be4 f5 34. Bd3 Qg4 35. Qxg4 fxg4 36. Bc4 Re8 37. Be2 h5 38. Bd3 Rc8 39. Bc4 Rc6 40. Re7 Bf6 41. Rxe6 Rxe6 42. Bxe6+ Kg7 43. Kg2 Bd4 44. Kf1 Kf6 45. Bd7 Kg6 46. Be8+ Kh6 47. Bd7 Bc5 48. Ke2 Ba3 49. Kd3 Kg7 50. Be6 Kf6 51. Bd7 Bb4 52. Ke2 Ke5 53. f3 gxf3+ 54. Kxf3 g4+ 55. Kg2 Be7 56. Be8 h4 57. gxh4 Bxh4 58. Bd7 g3 59. Kf3 Kd4 60. a3 Kc3 61. b4 axb4 62. axb4 Kxb4 63. Kg2 Kc5 64. Bh3 Kd4 65. Bg4 Ke5 66. Bh3 Kf4 67. Bc8 Bg5 68. Bh3 Bf6 69. Bc8 Be7 70. Bh3 Bd8 71. Bc8 Bc7 72. Bh3 Bb6 73. Bc8 Ba5 74. Bh3 Bb4 75. Bc8 Ba3 76. Bh3 Bb2 77. Bc8 Ba1 78. Bh3 Be5 79. Bc8 Kg5 80. Bh3 Kg6 81. Bc8 Kf6 82. Bh3 Kg7 83. Bc8 Kf7 84. Bh3 Kf8 85. Bc8 Ke7 86. Bh3 Kd8 87. Bg4 Kc7 88. Bh3 Bd6 89. Bg4 1/2-1/2


[Site "https://www.chess.com"]

[Event "Titled Tuesday Blitz November 29 Late 2022"]
[White "Olafsson, Helgi"]
[Black "Yurovskykh, Oleksandr"]
[WhiteFideId "2300010"]
[BlackFideId "14134020"]
[WhiteElo "2463"]
[BlackElo "2265"]
[Result "1-0"]
[Round "09"]
[TimeControl "180+1"]
[Date "2022.11.30"]
[WhiteClock "0:00:10"]
[BlackClock "0:00:06"]

1. c4 c6 2. d4 d5 3. Nf3 Nf6 4. e3 Bg4 5. Qb3 Qb6 6. Ne5 Qxb3 7. axb3 Nbd7 8. Nxg4 Nxg4 9. cxd5 cxd5 10. Nc3 Ngf6 11. Nb5 Kd8 12. Bd2 e6 13. Nxa7 Bd6 14. Ra4 Ke7 15. Nb5 Nb6 16. Ra5 Rxa5 17. Bxa5 Nbd7 18. Nxd6 Kxd6 19. Bb5 Ra8 20. Bb4+ Kc7 21. Ke2 Nb8 22. Rc1+ Nc6 23. f3 Ne8 24. Be1 Nd6 25. Bd3 g6 26. g4 Kd7 27. h4 Ra2 28. Bc3 b5 29. Rb1 b4 30. Be1 h6 31. Kd2 g5 32. Kc2 f6 33. Bg3 e5 34. hxg5 hxg5 35. dxe5 Nxe5 36. Be2 Ke6 37. Rh1 Ra8 38. Rh6 Rc8+ 39. Kd2 Ndf7 40. Rh7 Ra8 41. f4 gxf4 42. exf4 Nc6 43. Bd3 Ra2 44. Bg6 Ncd8 45. Bf5+ Ke7 46. Kc2 Ra1 47. Bh4 Rg1 48. Kd3 Rg2 49. Kd4 Rxb2 50. g5 fxg5 51. fxg5 Kd6 52. g6 Rxb3 53. gxf7 Nxf7 54. Rxf7 Rf3 55. Be7+ Kc6 56. Bd7+ Kxd7 57. Rxf3 Kxe7 58. Rb3 Kd6 59. Rxb4 Kc6 60. Rb3 Kd6 61. Rb5 1-0


[Site "https://www.chess.com"]

[Event "Titled Tuesday Blitz November 29 Late 2022"]
[White "Pakleza, Zbigniew"]
[Black "Kuzmicz, Krystian"]
[WhiteFideId "1119290"]
[BlackFideId "1119125"]
[WhiteElo "2411"]
[BlackElo "2380"]
[Result "1-0"]
[Round "09"]
[TimeControl "180+1"]
[Date "2022.11.30"]
[WhiteClock "0:00:06"]
[BlackClock "0:00:13"]

1. d4 b6 2. e4 Bb7 3. Bd3 e6 4. Nf3 c5 5. c3 Nf6 6. e5 Nd5 7. O-O Nc6 8. a3 d6 9. Qe2 Be7 10. exd6 Bxd6 11. dxc5 Bxc5 12. c4 Nf6 13. Nc3 Nd4 14. Nxd4 Qxd4 15. Be3 Qe5 16. Bxc5 Qxc5 17. b4 Qc6 18. f3 O-O 19. Rfd1 Rfd8 20. Qe5 Rd7 21. Ne4 Rad8 22. Nf2 h6 23. h4 Ng4 24. Nxg4 Rxd3 25. Rxd3 Rxd3 26. Qb8+ Kh7 27. Ne5 Qd6 28. Qxd6 Rxd6 29. Nxf7 Rd2 30. Rc1 Ra2 31. c5 bxc5 32. bxc5 Rd2 33. c6 Bc8 34. h5 g6 35. hxg6+ Kxg6 36. Ne5+ Kf6 37. f4 Kf5 38. Rc4 Ra2 39. c7 Rxa3 40. Nf7 Ra6 41. Nxh6+ Kf6 42. Ng4+ Kf5 43. Ne5 Rb6 44. g4+ Kf6 45. Kf2 a5 46. Kg3 Rb3+ 47. Kh4 Ke7 48. Kg5 Kd6 49. Rc6+ Kd5 50. Rc1 a4 51. Nc6 a3 52. Ne7+ Ke4 53. Nxc8 Rb5+ 54. Kf6 a2 55. Nd6+ 1-0


[Site "https://www.chess.com"]

[Event "Titled Tuesday Blitz November 29 Late 2022"]
[White "Pap, Gyula"]
[Black "Salem, A.R. Saleh"]
[WhiteFideId "725323"]
[BlackFideId "9301348"]
[WhiteElo "2519"]
[BlackElo "2628"]
[Result "1-0"]
[Round "09"]
[TimeControl "180+1"]
[Date "2022.11.30"]
[WhiteClock "0:00:03"]
[BlackClock "0:00:09"]

1. d4 Nf6 2. Nf3 g6 3. Nbd2 Bg7 4. e4 O-O 5. e5 Nd5 6. h4 c5 7. dxc5 Nc6 8. Nc4 Ndb4 9. c3 Na6 10. b4 Nc7 11. Bg5 h6 12. Be3 d5 13. Ncd2 Nxe5 14. Nxe5 Bxe5 15. Bxh6 Bxc3 16. h5 g5 17. Bxg5 Bxb4 18. Bd3 Na6 19. O-O Nxc5 20. Bc2 Qd6 21. Re1 Re8 22. h6 Bd7 23. Qh5 Ba4 24. Bxa4 Nxa4 25. Qg4 f5 26. Qxf5 Nc3 27. Re6 Ne2+ 28. Kh1 Bc3 29. Qg6+ Kh8 30. Rxd6 Rg8 31. Qd3 Bxa1 32. Bxe7 Nf4 33. Qf5 1-0


[Site "https://www.chess.com"]

[Event "Titled Tuesday Blitz November 29 Late 2022"]
[White "Perez Torres, Nabi Isaias"]
[Black "Sztokbant, Bernardo Vainzoff"]
[WhiteFideId "5120373"]
[BlackFideId "2115956"]
[WhiteElo "1915"]
[BlackElo "2228"]
[Result "1-0"]
[Round "09"]
[TimeControl "180+1"]
[Date "2022.11.30"]
[WhiteClock "0:01:48"]
[BlackClock "0:00:09"]

1. d4 g6 2. c4 Bg7 3. Nc3 d6 4. e4 Nf6 5. Be2 O-O 6. Nf3 e5 7. O-O Nc6 8. d5 Ne7 9. Ne1 Ne8 10. Nd3 f5 11. Bd2 f4 12. Bg4 Nf6 13. Bxc8 Qxc8 14. f3 g5 15. c5 g4 16. Rc1 Qd7 17. Qb3 Rab8 18. Nb5 a6 19. Nxc7 Qxc7 20. cxd6 Qxd6 21. Bb4 Qd8 22. d6+ Kh8 23. dxe7 Qd4+ 24. Kh1 Rfe8 25. Bc5 Qd7 26. Nxe5 Qb5 27. Nf7+ Kg8 28. Nh6+ Kh8 29. Qg8+ Rxg8 30. Nf7# 1-0


[Site "https://www.chess.com"]

[Event "Titled Tuesday Blitz November 29 Late 2022"]
[White "Pinheiro, Iung Alicio de O."]
[Black "Foerster-Yialamas, Lucas"]
[WhiteFideId "2104350"]
[BlackFideId "30901774"]
[WhiteElo "2283"]
[BlackElo "2067"]
[Result "1-0"]
[Round "09"]
[TimeControl "180+1"]
[Date "2022.11.30"]
[WhiteClock "0:00:27"]
[BlackClock "0:00:50"]

1. e4 e5 2. Nf3 Nc6 3. Bc4 Nf6 4. Ng5 d5 5. exd5 Na5 6. Bb5+ c6 7. dxc6 bxc6 8. Be2 Qd5 9. d3 h6 10. Bf3 Qd6 11. Ne4 Nxe4 12. Bxe4 f5 13. Bf3 Ba6 14. O-O e4 15. Re1 O-O-O 16. dxe4 fxe4 17. Qxd6 Bxd6 18. Bxe4 Bb4 19. Nc3 Bxc3 20. bxc3 Nc4 21. Bf4 Rhf8 22. Bg3 Bb7 23. a4 g5 24. a5 a6 25. Bd3 Nd6 26. Rab1 Nb5 27. Re7 Rd7 28. Rxd7 Kxd7 29. c4 Nd6 30. Bxd6 Kxd6 31. Rxb7 Kc5 32. Rb6 Re8 33. Kf1 h5 34. c3 g4 35. Rxa6 h4 36. g3 h3 37. Bf5 Kxc4 38. Rxc6+ Kb5 39. Rg6 Kc4 40. Bxg4 Kxc3 41. a6 Kd2 42. Bxh3 Ra8 43. Bg2 Re8 44. Bb7 Rb8 45. a7 Rxb7 46. a8=Q Rb1+ 47. Kg2 Rb3 48. Qd5+ Rd3 49. Qxd3+ Kxd3 50. Re6 1-0


[Site "https://www.chess.com"]

[Event "Titled Tuesday Blitz November 29 Late 2022"]
[White "Poliakova, Varvara"]
[Black "Kobo, Ori"]
[WhiteFideId "13518313"]
[BlackFideId "2812320"]
[WhiteElo "2099"]
[BlackElo "2447"]
[Result "0-1"]
[Round "09"]
[TimeControl "180+1"]
[Date "2022.11.30"]
[WhiteClock "0:00:28"]
[BlackClock "0:00:21"]

1. e4 g6 2. d4 Bg7 3. Nc3 d6 4. f4 Nf6 5. Nf3 O-O 6. Bd3 Nc6 7. O-O e5 8. fxe5 dxe5 9. d5 Ne7 10. Bg5 c6 11. dxc6 Nxc6 12. Qd2 Qd6 13. Bh6 Bg4 14. Bxg7 Kxg7 15. Qg5 h6 16. Qh4 Bxf3 17. Rxf3 Nd4 18. Rf2 Nh7 19. Raf1 Rac8 20. Nd5 Ne6 21. Ne7 Rce8 22. Nf5+ gxf5 23. exf5 Nf4 24. g3 Nd5 25. f6+ Ndxf6 26. Bf5 e4 27. Rf4 Ng5 28. Rg4 Nxg4 29. Qxg4 e3 30. h4 e2 31. Re1 Qd2 32. Kf2 Qe3+ 33. Kg2 f6 34. hxg5 fxg5 35. Kh3 Qf2 36. Qh5 Qxf5+ 0-1


[Site "https://www.chess.com"]

[Event "Titled Tuesday Blitz November 29 Late 2022"]
[White "Pranav, V"]
[Black "Donchenko, Alexander"]
[WhiteFideId "25060783"]
[BlackFideId "24603295"]
[WhiteElo "2430"]
[BlackElo "2572"]
[Result "1-0"]
[Round "09"]
[TimeControl "180+1"]
[Date "2022.11.30"]
[WhiteClock "0:01:05"]
[BlackClock "0:00:29"]

1. e4 c6 2. Nc3 d5 3. Qe2 dxe4 4. Nxe4 Bf5 5. d3 e6 6. g4 Bg6 7. Nf3 Nd7 8. h4 h5 9. g5 Nc5 10. Bh3 Bxe4 11. dxe4 Ne7 12. Bd2 Ng6 13. O-O-O Qc7 14. Qc4 Be7 15. Be3 b5 16. Qc3 Nxe4 17. Qxg7 Bf8 18. Qd4 Nd6 19. Rhe1 Rd8 20. Bf4 c5 21. Qc3 Nxf4 22. Qxh8 Nxh3 23. g6 Nf5 24. Qf6 Rxd1+ 25. Rxd1 fxg6 26. Qxe6+ Ne7 27. Qxh3 Qf4+ 28. Kb1 Nf5 29. Ng5 Be7 30. Qg2 Bxg5 31. hxg5 Nd4 32. Re1+ Kd7 33. Qb7+ Kd6 34. Qb8+ 1-0


[Site "https://www.chess.com"]

[Event "Titled Tuesday Blitz November 29 Late 2022"]
[White "Preotu, Razvan"]
[Black "Aldokhin, Ivan"]
[WhiteFideId "2613280"]
[BlackFideId "24115720"]
[WhiteElo "2407"]
[BlackElo "2313"]
[Result "0-1"]
[Round "09"]
[TimeControl "180+1"]
[Date "2022.11.30"]
[WhiteClock "0:00:04"]
[BlackClock "0:00:04"]

1. e4 c5 2. Nf3 e6 3. c3 Nf6 4. e5 Nd5 5. d4 cxd4 6. cxd4 d6 7. Bc4 Nb6 8. Bd3 Nc6 9. O-O Be7 10. Nc3 d5 11. b3 Bd7 12. Be3 Rc8 13. Ne2 Nb4 14. Bb1 Bb5 15. a3 Nc6 16. Re1 Ba6 17. Nf4 Na5 18. Bd2 Nd7 19. h4 Qb6 20. Bxa5 Qxa5 21. Ng5 Nf8 22. b4 Bxb4 23. axb4 Qxa1 24. Nxf7 Kxf7 25. Qh5+ Kg8 26. Nxe6 Nxe6 27. Qg4 Re8 28. Bxh7+ Rxh7 29. Rxa1 Rh6 30. h5 Rf8 31. g3 Kh7 32. b5 Bxb5 33. Rxa7 Bc6 34. Kg2 Rf7 35. Ra8 Rf8 36. Rxf8 Nxf8 37. Qf5+ Kg8 38. g4 Bd7 39. Qf3 Ne6 40. Qxd5 Bc6 41. Qxc6 bxc6 42. Kg3 g5 43. f4 Rh7 44. fxg5 Nxg5 45. Kf4 Ne6+ 46. Ke4 Rg7 47. h6 Rxg4+ 48. Kf5 Rxd4 49. Kxe6 Kh7 0-1


[Site "https://www.chess.com"]

[Event "Titled Tuesday Blitz November 29 Late 2022"]
[White "Radjabov, Teimour"]
[Black "Dardha, Daniel"]
[WhiteFideId "13400924"]
[BlackFideId "240990"]
[WhiteElo "2709"]
[BlackElo "2528"]
[Result "1-0"]
[Round "09"]
[TimeControl "180+1"]
[Date "2022.11.30"]
[WhiteClock "0:00:20"]
[BlackClock "0:00:03"]

1. d4 Nf6 2. c4 e6 3. Nf3 d5 4. Nc3 Be7 5. Bg5 h6 6. Bxf6 Bxf6 7. e3 c6 8. Qc2 Nd7 9. h4 a6 10. cxd5 cxd5 11. Bd3 b5 12. g4 Nb6 13. Ke2 Bd7 14. g5 Be7 15. Ne5 Nc4 16. Bxc4 dxc4 17. g6 f5 18. Nf7 Qa5 19. Nxh8 b4 20. Ne4 fxe4 21. Qxe4 Rc8 22. Nf7 c3 23. d5 cxb2 24. Rab1 Qb5+ 25. Kf3 Rc4 26. Qe5 Qxd5+ 27. Qxd5 exd5 28. Rxb2 Bf5 29. Ke2 Bxg6 30. Ne5 Bh5+ 31. f3 Rc3 32. Rd1 Bc5 33. Nd3 a5 34. Nxc5 Rxc5 35. Rbd2 Bf7 36. Kd3 Ke7 37. Kd4 Kd6 38. e4 dxe4 39. fxe4 Rc4+ 40. Ke3+ Ke5 41. Rg1 Rxe4+ 42. Kf3 Bh5+ 43. Kf2 Rxh4 44. Rxg7 Rh2+ 45. Ke3 Rh3+ 46. Kf2 Rh2+ 47. Ke3 Rh3+ 48. Kf2 Ra3 49. Re7+ Kf6 50. Ra7 Bg4 51. Ra6+ Ke5 52. Rxh6 b3 53. axb3 Rxb3 54. Ra6 Rf3+ 55. Kg2 Ra3 56. Ra7 Bf3+ 57. Kf2 Bc6 58. Re7+ Kf6 59. Rc7 Be4 60. Rc5 Rf3+ 61. Ke2 Rf5 62. Rd6+ Kg5 63. Rc4 Bf3+ 64. Ke3 Bh5 65. Rc1 Re5+ 66. Kd4 Rf5 67. Rg1+ Kf4 68. Rd8 Bf3 69. Rf1 Kg3 70. Rg8+ Kf4 71. Rd8 Kg3 72. Rg1+ Kf2 73. Ra1 a4 74. Kc3 Rf4 75. Rd2+ Ke3 76. Re1+ Be2 77. Rexe2+ Kf3 78. Rf2+ 1-0


[Site "https://www.chess.com"]